 Dungeon Sprint DCSS version 0.21-a0-417-g0adc95b (webtiles) character file.

26657 Kidiri the Warrior (level 13, -17/153 HPs)
             Began as a Green Draconian Transmuter on Nov 3, 2017.
             Was a High Priest of Wu Jian.
             Shot with an arrow by a deep elf master archer (38 damage)
             ... in the Dungeon (Sprint I: "Red Sonja").
             The game lasted 00:26:56 (5349 turns).

Kidiri the Warrior (Green Draconian Transmuter)     Turns: 5349, Time: 00:26:56

Health: -17/153    AC: 10    Str: 15    XL:     13   Next: 0%
Magic:  26/27      EV: 16    Int: 14    God:    Wu Jian [*****.]
Gold:   2562       SH:  0    Dex: 14    Spells: 16/32 levels left

rFire    x . .     SeeInvis .     - Unarmed
rCold    + + +     Gourm    .   (shield currently unavailable)
rNeg     . . .     Faith    .   (armour unavailable)
rPois    +         Spirit   .   (helmet currently unavailable)
rElec    .         Reflect  .   (cloak currently unavailable)
rCorr    .         Harm     .   (gloves currently unavailable)
MR       .....     NoTele   +   (boots currently unavailable)
Stlth    +++++.....             (no amulet)
HPRegen  0.35/turn              r - +3 ring of protection
MPRegen  0.20/turn              (no ring)

@: exhausted, ice-form
A: (breathe noxious fumes), unfitting armour, AC +8
a: End Transformation, Serpent's Lash, Heavenly Storm, Renounce Religion


You were in the Dungeon.
You worshipped Wu Jian.
Wu Jian was extremely pleased with you.
You were not hungry.
You were a creature of crystalline ice.
You visited 1 branch You collected 2695 gold pieces.
You spent 133 gold pieces at shops.

Inventory:

Missiles
 a - 43 arrows
 w - 31 stones (quivered)
Jewellery
 r - a +3 ring of protection (left front paw)
Wands
 e - a wand of flame (18/48)
 y - a wand of iceblast (2/15)
 z - a wand of acid (9/15)
Scrolls
 i - a scroll of blinking
 k - 2 scrolls of fear
 m - 2 scrolls of amnesia {unknown}
 n - a scroll of remove curse
 q - a scroll of vulnerability {unknown}
 s - a scroll of fog {unknown}
 x - a scroll of enchant weapon {unknown}
Potions
 d - a potion of curing
 f - a potion of haste
 g - 2 potions of magic
 h - a potion of berserk rage
 j - a potion of brilliance


   Skills:
 * Level 15.9 Fighting
 + Level 10.2 Dodging
 + Level 10.9 Stealth
 * Level 15.0 Unarmed Combat
 + Level 10.3 Spellcasting
 * Level 14.9 Transmutations
 + Level 9.3 Ice Magic
 + Level 12.3 Poison Magic


You had 16 spell levels left.
You knew the following spells:

 Your Spells              Type           Power        Failure   Level  Hunger
a - Beastly Appendage     Tmut           #####.       1%          1    None
b - Sticks to Snakes      Tmut           #####...     1%          2    None
c - Spider Form           Tmut/Pois      #####.....   1%          3    #......
d - Ice Form              Ice/Tmut       #####...     1%          4    ###....
e - Blade Hands           Tmut           #####.....   1%          5    #####..
f - Confusing Touch       Hex            #.....       10%         1    None


Dungeon Overview and Level Annotations

Branches:
Dungeon (1/1)

Altars:
Cheibriados
Dithmenos
Elyvilon
Fedhas
Gozag
Hepliaklqana
Kikubaaqudgha
Makhleb
Nemelex Xobeh
Okawaru
Qazlal
Ru
Sif Muna
Trog
Uskayaw
Vehumet
Wu Jian
Xom
Yredelemnul
Zin
The Shining One
Jiyva
Lugonu

Shops:
D (?!((?*(***!}*[[*

Annotations:
D exclusion: 4 doors, Tiamat


Innate Abilities, Weirdness & Mutations

((You can breathe blasts of noxious fumes.))
((Your lurid green scales are hard. (AC +8)))
You cannot fit into any form of body armour.
((Your system is resistant to poisons. (rPois)))
((You are cold-blooded and may be slowed by cold attacks.))


Message History

Things that are here:
4 inedible chunks of flesh; the skeleton of the Lernaean hydra
Found 108 gold pieces.
You close the door.
A deep elf master archer comes into view.
The deep elf master archer shouts!
The deep elf master archer wields a longbow.
The deep elf master archer shoots an arrow.
The arrow hits you!
There is an open door here.
The heavenly storm settles.
The deep elf master archer shoots an arrow.
The arrow hits you!!!
* * * LOW HITPOINT WARNING * * *
You hear a splash.
Unknown command.
Unknown command.
The deep elf master archer shoots an arrow.
The arrow hits you!!!
You die...

...#.#§+..# #
####+#§##'## §#
#....#.#≈≈≈## $§#
..#### #≈≈≈≈## $§§#
### #≈≈≈≈≈#######
..$$# #
##≈≈≈§#§§§§§#§.§§$#
#+≈≈§§§§§§§+§.§.$#
##≈§#§§§§§#§≈≈..#
######Y### #§≈≈#
#≈≈≈§§§§§≈≈# ≈≈#
##≈≈§e§§§≈≈≈≈≈ #
+$$§§§§§≈≈≈#≈
#$$$$$$$$≈≈≈#
#############


You could see a deep elf master archer.

Vanquished Creatures
  the Lernaean hydra (D)
  4 fire giants (D)
  A deep elf annihilator (D)
  A lorocyproca (D)
  A mummy priest (D)
  A hydra (D)
  2 centaur warriors (D)
  Sonja (D)
  7 unseen horrors (D)
  A deep troll (D)
  A lindwurm (D)
  2 oklob plants (D)
  2 merfolk sirens (D)
  A gargoyle (D)
  4 demonic crawlers (D)
  2 kobold demonologists (D)
  A hellwing (D)
  5 hornets (D)
  A slime creature (D)
  Sigmund (D)
  2 redbacks (D)
  A yak (D)
  13 hogs (D)
  3 floating eyes (D)
  7 necrophages (D)
  8 jellies (D)
  Ijyb (D)
  2 ballistomycetes (D)
  A ballistomycete spore (D)
78 creatures vanquished.

Vanquished Creatures (collateral kills)
  An ogre (D)
1 creature vanquished.

Vanquished Creatures (others)
  A gargoyle (D)
  A ballistomycete spore (D)
2 creatures vanquished.

Grand Total: 81 creatures vanquished

Notes
Turn   | Place    | Note
-------+----------+-------------------------------------------
     0 | D        | Kidiri the Draconian Transmuter began the quest for the Orb.
     0 | D        | Reached XP level 1. HP: 16/16 MP: 3/3
     3 | D        | Noticed Ijyb
    13 | D        | Killed Ijyb
    13 | D        | Reached skill level 1 in Stealth
    13 | D        | Reached XP level 2. HP: 15/26 MP: 2/5
   146 | D        | Learned a level 2 spell: Sticks to Snakes
   149 | D        | Noticed an ogre
   157 | D        | Killed an ogre
   157 | D        | Reached skill level 5 in Unarmed Combat
   157 | D        | Reached XP level 3. HP: 34/34 MP: 1/7
   157 | D        | Reached XP level 4. HP: 41/41 MP: 1/8
   326 | D        | Learned a level 3 spell: Spider Form
   327 | D        | Noticed Sigmund
   338 | D        | Killed Sigmund
   338 | D        | Reached skill level 5 in Transmutations
   338 | D        | Reached XP level 5. HP: 50/50 MP: 6/11
   357 | D        | Learned a level 4 spell: Ice Form
   378 | D        | Found a deep blue altar of Sif Muna.
   379 | D        | Found an ornate altar of the Wu Jian Council.
   380 | D        | Found a radiant altar of Vehumet.
   384 | D        | Became a worshipper of the Wu Jian Council
   387 | D        | Reached XP level 6. HP: 57/58 MP: 9/12
   433 | D        | Found Cezoov's Magic Scroll Emporium.
   433 | D        | Found an ancient bone altar of Kikubaaqudgha.
   433 | D        | Found a hazy altar of Hepliaklqana.
   433 | D        | Found a stormy altar of Qazlal.
   433 | D        | Found a hide-covered altar of Uskayaw.
   433 | D        | Found a blossoming altar of Fedhas.
   433 | D        | Found a bloodstained altar of Trog.
   433 | D        | Found an iron altar of Okawaru.
   433 | D        | Found a basalt altar of Yredelemnul.
   433 | D        | Found a glowing golden altar of the Shining One.
   433 | D        | Found a snail-covered altar of Cheibriados.
   433 | D        | Found a sacrificial altar of Ru.
   433 | D        | Found a glowing silver altar of Zin.
   433 | D        | Found a shadowy altar of Dithmenos.
   433 | D        | Found a white marble altar of Elyvilon.
   433 | D        | Noticed a yak
   434 | D        | Found an opulent altar of Gozag.
   444 | D        | Killed a yak
   445 | D        | Found a sparkling altar of Nemelex Xobeh.
   567 | D        | Found a burning altar of Makhleb.
   567 | D        | Found a viscous altar of Jiyva.
   567 | D        | Found a shimmering altar of Xom.
   567 | D        | Found a corrupted altar of Lugonu.
   567 | D        | Noticed a slime creature
   573 | D        | Killed a slime creature
   573 | D        | Reached * piety under Wu Jian
   573 | D        | Your scales start taking on a lurid green colour.
   573 | D        | Reached XP level 7. HP: 40/67 MP: 9/14
   573 | D        | Gained mutation: Your system is resistant to poisons. (rPois) [Green Draconian growth]
   707 | D        | Learned a level 5 spell: Blade Hands
   721 | D        | Noticed a kobold demonologist
   722 | D        | Noticed a kobold demonologist
   724 | D        | Reached skill level 5 in Dodging
   724 | D        | Reached skill level 5 in Stealth
   724 | D        | Reached skill level 5 in Spellcasting
   724 | D        | Killed a kobold demonologist
   724 | D        | Reached ** piety under Wu Jian
   724 | D        | Reached skill level 5 in Poison Magic
   727 | D        | Noticed a chaos spawn
   727 | D        | Killed a kobold demonologist
   727 | D        | Reached XP level 8. HP: 78/78 MP: 10/16
   744 | D        | Learned a level 1 spell: Confusing Touch
   776 | D        | Noticed a centaur warrior
   776 | D        | Noticed a centaur warrior
   783 | D        | Killed a centaur warrior
   785 | D        | Killed a centaur warrior
   785 | D        | Reached skill level 10 in Fighting
   785 | D        | Reached skill level 10 in Unarmed Combat
   785 | D        | Reached XP level 9. HP: 27/86 MP: 12/18
  1036 | D        | Killed a gargoyle
  1046 | D        | Noticed a deep troll
  1050 | D        | Killed a deep troll
  1050 | D        | Reached *** piety under Wu Jian
  1050 | D        | Reached skill level 10 in Transmutations
  1054 | D        | Found Xiwniddau's Armour Emporium.
  1117 | D        | Noticed an oklob plant
  1118 | D        | Killed an oklob plant
  1126 | D        | Reached **** piety under Wu Jian
  1126 | D        | Reached XP level 10. HP: 96/96 MP: 15/20
  1169 | D        | Noticed Sonja
  1172 | D        | Killed Sonja
  1188 | D        | Found Jiakhlaa's Weapon Boutique.
  1340 | D        | Reached ***** piety under Wu Jian
  1344 | D        | Noticed an unseen horror
  1346 | D        | Noticed an unseen horror
  1347 | D        | Killed an unseen horror
  1347 | D        | Reached skill level 5 in Ice Magic
  1348 | D        | Killed an unseen horror
  1412 | D        | Found Vilimp's Antique Weapon Shoppe.
  1412 | D        | Found Aghexar's Distillery.
  1412 | D        | Found Vuifyph's Weapon Boutique.
  1414 | D        | Found Ror Zuo's Magic Scroll Emporium.
  1414 | D        | Found Toeda's Assorted Antiques.
  1414 | D        | Found Astey's Antique Weapon Shoppe.
  1414 | D        | Found Jock's Assorted Antiques.
  1414 | D        | Found Duchuvai's Assorted Antiques.
  1414 | D        | Found Uceweodoe's General Store.
  1414 | D        | Found Xaiclot's Distillery.
  1418 | D        | Found Vuuleg's Gadget Boutique.
  1419 | D        | Found Foebuer's Armour Emporium.
  1419 | D        | Found Agawuedgh's General Store.
  1420 | D        | Found Pyitorun's General Store.
  1667 | D        | Reached ****** piety under Wu Jian
  1855 | D        | Noticed a lindwurm
  1861 | D        | Killed a lindwurm
  1861 | D        | Reached XP level 11. HP: 59/104 MP: 18/23
  2097 | D        | Bought a scroll of fear for 35 gold pieces
  2097 | D        | Bought a scroll of remove curse for 30 gold pieces
  2097 | D        | Bought a scroll of identify for 20 gold pieces
  2524 | D        | Reached skill level 10 in Poison Magic
  2579 | D        | Noticed a 12-headed hydra
  2582 | D        | Killed a 14-headed hydra
  2960 | D        | Noticed a lorocyproca
  2966 | D        | Killed a lorocyproca
  3423 | D        | Bought a royal jelly for 24 gold pieces
  3427 | D        | Bought a royal jelly for 24 gold pieces
  3504 | D        | Noticed a daeva
  3510 | D        | Noticed an unseen horror
  3511 | D        | Noticed an unseen horror
  3512 | D        | Killed an unseen horror
  3512 | D        | Noticed an unseen horror
  3513 | D        | Killed an unseen horror
  3514 | D        | Killed an unseen horror
  3515 | D        | Noticed an unseen horror
  3515 | D        | Noticed an unseen horror
  3517 | D        | Killed an unseen horror
  3519 | D        | Killed an unseen horror
  3777 | D        | Noticed a fire giant
  3779 | D        | Noticed a fire giant
  3780 | D        | Noticed a fire giant
  3781 | D        | Noticed a fire giant
  3785 | D        | Killed a fire giant
  3785 | D        | Reached XP level 12. HP: 118/118 MP: 20/25
  3787 | D        | Killed a fire giant
  3788 | D        | Killed a fire giant
  3788 | D        | Reached skill level 10 in Stealth
  3803 | D        | Killed a fire giant
  4088 | D        | Noticed Tiamat
  4143 | D        | Got a fine plate armour
  4576 | D        | Noticed a deep elf annihilator
  4581 | D        | Reached skill level 15 in Fighting
  4747 | D        | Noticed a mummy priest
  4751 | D        | Killed a deep elf annihilator
  5235 | D        | Killed a mummy priest
  5235 | D        | Reached skill level 10 in Spellcasting
  5333 | D        | Noticed the 27-headed Lernaean hydra
  5337 | D        | Killed the 27-headed Lernaean hydra
  5337 | D        | Reached skill level 10 in Dodging
  5337 | D        | Reached skill level 15 in Unarmed Combat
  5337 | D        | Reached XP level 13. HP: 80/128 MP: 24/27
  5346 | D        | Noticed a deep elf master archer
  5349 | D        | Shot with an arrow by a deep elf master archer

Vault maps used:
D:        dungeon_sprint_1

Skill      XL: |  1  2  3  4  5  6  7  8  9 10 11 12 |
---------------+-------------------------------------+-----
Fighting       | 3 4 6 7 9 10 11 12 14 15 | 15.9
Dodging        | 2 3 4 5 6 7 8 9 10 | 10.2
Stealth        | 1 2 3 4 5 6 7 8 9 10 | 10.9
Unarmed Combat | 4 5 6 7 8 10 12 13 15 | 15.0
Transmutations | 3 4 5 6 7 8 9 10 12 13 14 | 14.9
Spellcasting   | 3 4 5 6 7 8 9 10 | 10.3
Poison Magic   | 2 4 5 7 8 9 11 12 | 12.3
Ice Magic      | 3 4 6 7 9 |  9.3

Action                   |  1- 3 |  4- 6 |  7- 9 | 10-12 | 13-15 || total
-------------------------+-------+-------+-------+-------+-------++-------
Melee: Unarmed           |    14 |    21 |    23 |   166 |       ||   224
       Kick              |     6 |       |       |       |       ||     6
       Tailslap          |     1 |     1 |     1 |    13 |       ||    16
       Punch             |       |       |     2 |     8 |       ||    10
 Cast: Beastly Appendage |     2 |       |       |       |       ||     2
       Sticks to Snakes  |     2 |       |       |       |       ||     2
       Spider Form       |       |     4 |       |     2 |       ||     6
       Blade Hands       |       |       |     5 |    12 |       ||    17
       Confusing Touch   |       |       |       |     6 |       ||     6
       Ice Form          |       |       |       |     9 |       ||     9
Invok: Serpent's Lash    |       |       |       |     6 |       ||     6
       Heavenly Storm    |       |       |       |     6 |       ||     6
 Abil: Breathe Noxious F |       |       |       |     2 |       ||     2
       End Transformatio |       |       |       |     1 |       ||     1
  Use: Scroll            |       |       |       |     5 |       ||     5
       Potion            |       |       |       |     3 |       ||     3
 Stab: Sleeping          |       |     2 |     5 |     6 |       ||    13
       Confused          |       |       |       |     4 |       ||     4
  Eat: Chunk             |       |       |     2 |     6 |       ||     8
       Bread ration      |       |       |       |     1 |       ||     1
       Royal jelly       |       |       |       |     2 |       ||     2
       Meat ration       |       |       |       |     1 |       ||     1
Armor: Skin              |     1 |       |     1 |    31 |       ||    33
Dodge: Dodged            |     7 |    15 |    14 |   100 |       ||   136

Table legend:
 A = Spawn XP
 B = Non-spawn XP
 C = Spawn XP percentage of total XP
 D = Spawn monster count
 E = Non-spawn monster count
 F = Spawn count percentage of total count
 G = Total turns spent on level
                    A         B        C        D         E        F      G
               +---------+---------+-------+---------+---------+-------+---------
         Total |       0 |   38082 |   0.0 |       0 |      76 |   0.0 |  5349
               +---------+---------+-------+---------+---------+-------+---------
             D |       0 |   38082 |   0.0 |       0 |      76 |   0.0 |  5349
               +---------+---------+-------+---------+---------+-------+---------
